3006 views
Uploaded 2019-12-02 11:51:18
Game version 1.32.0.3 / 1.32.0.3.1
19:04 long 2on2 ladder game on (4)TwistedMeadows
Saved by Masa
3006 views
Uploaded 2019-12-02 11:51:18
Game version 1.32.0.3 / 1.32.0.3.1
19:04 long 2on2 ladder game on (4)TwistedMeadows

78 units @ 11.9k
/ 1.3k
26 buildings @ 4.5k
/ 1.3k

| Wisp | 6 | 360 | / | 0 |
| Archer | 26 | 3380 | / | 260 |
| Huntress | 17 | 3315 | / | 340 |
| total: | 49 | 7055g | / | 600w |
| Altar of Elders | 1 | 180 | / | 50 |
| Moon Well | 9 | 1620 | / | 360 |
| Ancient of War | 2 | 300 | / | 120 |
| Hunter's Hall | 1 | 210 | / | 100 |
| Tree of Ages | 1 | 320 | / | 180 |
| Tree of Eternity | 1 | 330 | / | 200 |
| total: | 13 | 2310g | / | 630w |
| 0:05 | Wisp |
| 0:05 | Wisp |
| 0:05 | Wisp |
| 0:20 | Altar of Elders |
| 0:26 | Moon Well |
| 0:28 | Wisp |
| 0:52 | Moon Well |
| 0:57 | Wisp |
| 0:58 | Wisp |
| 1:40 | Ancient of War |
| 2:26 | Mana Burn |
| 2:41 | Archer |
| 2:42 | Archer |
| 2:42 | Archer |
| 2:42 | Archer |
| 3:32 | Tree of Ages |
| 3:40 | Hunter's Hall |
| 4:35 | Archer |
| 4:36 | Archer |
| 4:44 | Strength of the Moon |
| 4:45 | Moon Armor |
| 6:48 | Huntress |
| 6:48 | Huntress |
| 6:48 | Huntress |
| 6:49 | Moon Glaive |
| 7:25 | Moon Well |
| 7:29 | Huntress |
| 7:54 | Moon Well |
| 8:08 | Improved Strength of the Moon |
| 8:27 | Huntress |
| 8:28 | Huntress |
| 8:41 | Evasion |
| 10:06 | Archer |
| 10:06 | Archer |
| 11:02 | Archer |
| 11:03 | Archer |
| 11:03 | Archer |
| 11:03 | Huntress |
| 11:05 | Improved Moon Armor |
| 11:19 | Ancient of War |
| 13:13 | Moon Well |
| 13:14 | Moon Well |
| 14:31 | Huntress |
| 14:31 | Huntress |
| 14:31 | Huntress |
| 14:32 | Archer |
| 14:32 | Archer |
| 14:33 | Archer |
| 14:33 | Archer |
| 14:33 | Archer |
| 14:35 | Huntress |
| 14:35 | Huntress |
| 14:38 | Improved Bows |
| 15:16 | Archer |
| 15:16 | Archer |
| 15:16 | Archer |
| 15:24 | Tree of Eternity |
| 15:30 | Ultravision |
| 16:53 | Archer |
| 16:53 | Archer |
| 16:54 | Huntress |
| 16:54 | Huntress |
| 16:54 | Huntress |
| 17:20 | Archer |
| 17:20 | Archer |
| 17:21 | Archer |
| 17:45 | Moon Well |
| 17:46 | Moon Well |
| 17:47 | Moon Well |
| 18:45 | Archer |
| 18:45 | Archer |
| 18:49 | Huntress |
| 18:50 | Huntress |
| Right click | 1051 |
| Select group | 356 |
| Select | 291 |
| Misc. action | 136 |
| Build/train/purchase | 61 |
| Assign group | 27 |
| Use ability | 15 |
| Chat | 7 |


| Rod of Necromancy | 1 | 150 |
| Potion of Healing | 5 | 750 |
| Orb of Corruption | 1 | 375 |
| Scroll of Healing | 1 | 250 |
| Potion of Lesser Invulnerability | 1 | 150 |
| total: | 9 | 1675g |
| Acolyte | 7 | 525 | / | 0 |
| Ghoul | 4 | 480 | / | 0 |
| Crypt Fiend | 12 | 2580 | / | 480 |
| Obsidian Statue | 5 | 1000 | / | 175 |
| Abomination | 1 | 240 | / | 70 |
| total: | 29 | 4825g | / | 725w |
| Nerubian Tower | 1 | 100 | / | 20 |
| Spirit Tower | 2 | 290 | / | 80 |
| Altar of Darkness | 1 | 180 | / | 50 |
| Ziggurat | 6 | 900 | / | 300 |
| Crypt | 3 | 600 | / | 150 |
| Tomb of Relics | 1 | 130 | / | 30 |
| Graveyard | 1 | 215 | / | 0 |
| Slaughterhouse | 1 | 140 | / | 135 |
| Halls of the Dead | 2 | 640 | / | 420 |
| Black Citadel | 1 | 325 | / | 230 |
| total: | 13 | 2165g | / | 665w |
| 0:03 | Acolyte |
| 0:03 | Acolyte |
| 0:10 | Altar of Darkness |
| 0:17 | Ziggurat |
| 0:36 | Crypt |
| 0:48 | Acolyte |
| 1:00 | Tomb of Relics |
| 1:22 | Graveyard |
| 1:37 | Ghoul |
| 1:50 | Ghoul |
| 2:11 | Death Coil |
| 2:13 | Rod of Necromancy |
| 2:38 | Ghoul |
| 2:44 | Nerubian Tower |
| 2:55 | Acolyte |
| 3:11 | Acolyte |
| 3:25 | Ziggurat |
| 3:54 | Halls of the Dead |
| 3:59 | Acolyte |
| 4:26 | Crypt Fiend |
| 4:29 | Halls of the Dead |
| 4:36 | Creature Attack |
| 5:43 | Crypt Fiend |
| 5:43 | Crypt Fiend |
| 5:47 | Spirit Tower |
| 6:18 | Crypt Fiend |
| 7:01 | Potion of Healing |
| 7:21 | Unholy Aura |
| 7:28 | Crypt Fiend |
| 8:00 | Acolyte |
| 8:03 | Ziggurat |
| 8:13 | Slaughterhouse |
| 8:25 | Potion of Healing |
| 8:30 | Frost Nova |
| 9:14 | Crypt Fiend |
| 9:23 | Potion of Healing |
| 9:59 | Obsidian Statue |
| 10:17 | Dark Ritual |
| 10:22 | Crypt Fiend |
| 10:56 | Crypt Fiend |
| 11:02 | Black Citadel |
| 11:09 | Obsidian Statue |
| 11:23 | Potion of Healing |
| 11:46 | Ziggurat |
| 11:48 | Ziggurat |
| 12:17 | Death Coil |
| 12:25 | Exhume Corpses |
| 12:29 | Obsidian Statue |
| 12:46 | Spirit Tower |
| 13:23 | Potion of Healing |
| 13:48 | Crypt |
| 13:51 | Frost Nova |
| 14:20 | Abomination |
| 14:26 | Unholy Aura |
| 14:40 | Frost Armor |
| 14:49 | Improved Creature Attack |
| 14:53 | Crypt Fiend |
| 15:09 | Orb of Corruption |
| 15:17 | Destroyer Form |
| 15:18 | Obsidian Statue |
| 15:24 | Crypt |
| 15:37 | Crypt Fiend |
| 16:31 | Potion of Lesser Invulnerability |
| 16:34 | Scroll of Healing |
| 16:50 | Obsidian Statue |
| 16:52 | Crypt Fiend |
| 17:19 | Web |
| 17:39 | Ziggurat |
| 17:45 | Ghoul |
| 18:13 | Death Coil |
| 18:54 | Frost Nova |
| 19:00 | Crypt Fiend |
| Right click | 1207 |
| Select | 308 |
| Select group | 227 |
| Build/train/purchase | 77 |
| Misc. action | 76 |
| Assign group | 39 |
| Use ability | 28 |
| Chat | 6 |
| Remove unit | 4 |
64 units @ 10.1k
/ 1.4k
29 buildings @ 3.9k
/ 1.4k


| Peasant | 6 | 450 | / | 0 |
| Footman | 2 | 270 | / | 0 |
| Rifleman | 19 | 3895 | / | 570 |
| Priest | 3 | 405 | / | 30 |
| Knight | 6 | 1470 | / | 360 |
| total: | 36 | 6490g | / | 960w |
| Farm | 10 | 800 | / | 200 |
| Barracks | 2 | 320 | / | 120 |
| Altar of Kings | 1 | 180 | / | 50 |
| Blacksmith | 1 | 140 | / | 60 |
| Lumber Mill | 1 | 120 | / | 0 |
| Arcane Sanctum | 1 | 150 | / | 140 |
| Keep | 1 | 320 | / | 210 |
| Castle | 1 | 360 | / | 210 |
| total: | 16 | 1710g | / | 570w |
| 0:11 | Farm |
| 0:16 | Barracks |
| 0:21 | Altar of Kings |
| 0:26 | Peasant |
| 0:26 | Peasant |
| 0:42 | Peasant |
| 0:57 | Farm |
| 1:18 | Peasant |
| 1:18 | Peasant |
| 1:37 | Footman |
| 2:00 | Footman |
| 2:05 | Blacksmith |
| 2:15 | Peasant |
| 2:31 | Summon Water Elemental |
| 3:21 | Keep |
| 3:43 | Rifleman |
| 3:47 | Farm |
| 3:50 | Farm |
| 4:27 | Rifleman |
| 4:27 | Rifleman |
| 4:27 | Rifleman |
| 4:45 | Rifleman |
| 4:48 | Black Gunpowder |
| 5:19 | Lumber Mill |
| 5:23 | Rifleman |
| 5:33 | Studded Leather Armor |
| 6:00 | Farm |
| 6:01 | Farm |
| 6:03 | Farm |
| 6:33 | Blizzard |
| 7:33 | Rifleman |
| 7:33 | Rifleman |
| 7:33 | Rifleman |
| 7:33 | Rifleman |
| 7:33 | Rifleman |
| 8:03 | Farm |
| 8:05 | Improved Lumber Harvesting |
| 8:10 | Refined Gunpowder |
| 8:38 | Summon Water Elemental |
| 10:29 | Castle |
| 10:32 | Arcane Sanctum |
| 10:44 | Breath of Fire |
| 11:06 | Reinforced Leather Armor |
| 11:39 | Long Rifles |
| 11:46 | Priest |
| 12:13 | Rifleman |
| 12:13 | Rifleman |
| 12:13 | Rifleman |
| 12:27 | Priest |
| 12:36 | Farm |
| 12:37 | Farm |
| 12:47 | Priest |
| 12:52 | Priest Adept Training |
| 13:02 | Rifleman |
| 14:17 | Blizzard |
| 15:01 | Knight |
| 15:25 | Barracks |
| 15:44 | Knight |
| 15:45 | Knight |
| 15:45 | Knight |
| 15:54 | Iron Forged Swords |
| 15:54 | Iron Plating |
| 16:25 | Knight |
| 16:33 | Rifleman |
| 16:33 | Rifleman |
| 17:28 | Rifleman |
| 17:36 | Rifleman |
| 18:04 | Knight |
| Right click | 587 |
| Select | 211 |
| Build/train/purchase | 75 |
| Use ability | 14 |
| Misc. action | 11 |
| Chat | 11 |
| Assign group | 8 |
| Select group | 2 |


| Staff of Preservation | 2 | 300 |
| Potion of Healing | 1 | 150 |
| Moonstone | 2 | 100 |
| Boots of Speed | 1 | 250 |
| total: | 6 | 800g |
| Wisp | 13 | 780 | / | 0 |
| Archer | 3 | 390 | / | 30 |
| Huntress | 10 | 1950 | / | 200 |
| Druid of the Claw | 2 | 510 | / | 160 |
| total: | 28 | 3630g | / | 390w |
| Altar of Elders | 1 | 180 | / | 50 |
| Moon Well | 6 | 1080 | / | 240 |
| Ancient of War | 2 | 300 | / | 120 |
| Hunter's Hall | 1 | 210 | / | 100 |
| Ancient of Wonders | 1 | 90 | / | 30 |
| Ancient of Lore | 2 | 310 | / | 290 |
| Tree of Ages | 1 | 320 | / | 180 |
| Tree of Eternity | 1 | 330 | / | 200 |
| total: | 13 | 2170g | / | 830w |
| 0:05 | Altar of Elders |
| 0:06 | Wisp |
| 0:13 | Moon Well |
| 0:15 | Wisp |
| 0:29 | Ancient of War |
| 0:33 | Wisp |
| 0:54 | Wisp |
| 0:56 | Wisp |
| 1:26 | Wisp |
| 1:28 | Wisp |
| 1:28 | Wisp |
| 1:33 | Archer |
| 1:34 | Archer |
| 2:04 | Moon Well |
| 2:10 | Force of Nature |
| 3:05 | Hunter's Hall |
| 3:08 | Ancient of War |
| 3:47 | Tree of Ages |
| 3:50 | Archer |
| 3:57 | Boots of Speed |
| 4:26 | Huntress |
| 4:33 | Strength of the Moon |
| 5:43 | Huntress |
| 5:44 | Moon Armor |
| 6:28 | Moon Glaive |
| 6:32 | Moon Well |
| 6:32 | Moon Well |
| 7:26 | Huntress |
| 7:38 | Wisp |
| 8:08 | Huntress |
| 9:15 | Entangling Roots |
| 9:39 | Mana Burn |
| 10:07 | Immolation |
| 10:24 | Huntress |
| 10:25 | Huntress |
| 10:26 | Improved Strength of the Moon |
| 10:40 | Ancient of Wonders |
| 11:04 | Moon Well |
| 11:05 | Moon Well |
| 11:09 | Ancient of Lore |
| 11:15 | Tree of Eternity |
| 11:47 | Staff of Preservation |
| 11:50 | Potion of Healing |
| 12:24 | Huntress |
| 13:54 | Huntress |
| 13:55 | Huntress |
| 14:21 | Hardened Skin |
| 14:22 | Druid of the Claw Adept Training |
| 14:42 | Advanced Strength of the Moon |
| 15:01 | Wisp |
| 15:04 | Wisp |
| 15:30 | Moonstone |
| 15:47 | Druid of the Claw Master Training |
| 15:59 | Wisp |
| 15:59 | Wisp |
| 16:14 | Huntress |
| 16:31 | Ancient of Lore |
| 16:45 | Staff of Preservation |
| 17:12 | Druid of the Claw |
| 17:17 | Moonstone |
| 17:43 | Druid of the Claw |
| Right click | 1378 |
| Select | 415 |
| Build/train/purchase | 65 |
| Use ability | 29 |
| Assign group | 16 |
| Chat | 10 |
| Misc. action | 7 |
| Remove unit | 4 |
| Item give/drop | 1 |
| Select group | 1 |
| Minimap ping | 1 |